 Dungeon Crawl Stone Soup version 0.26-a0-771-g060e6a62af (webtiles) character file.

Game seed: 2997152923817545768

761 somkeydreadnuts the Destroyer (level 7, -3/36 HPs)
             Began as a Deep Elf Conjurer on Nov 9, 2020.
             Hit by a stone thrown by an orc warrior (16 damage)
             ... on level 6 of the Dungeon.
             The game lasted 00:20:51 (4617 turns).

somkeydreadnuts the Destroyer (Deep Elf Conjurer)   Turns: 4617, Time: 00:20:53

Health: -3/36      AC:  6    Str:  4    XL:     7   Next: 51%
Magic:  10/17      EV: 15    Int: 25    God:
Gold:   237        SH:  0    Dex: 13    Spells: 14/17 levels left

rFire    . . .     SeeInvis +   l - +1 dagger (pain)
rCold    . . .     Faith    .   (no shield)
rNeg     . . .     Spirit   .   x - +0 leather armour (curse)
rPois    .         Reflect  .   (no helmet)
rElec    .         Harm     .   o - +2 cloak
rCorr    .         Rampage  .   (no gloves)
MR       .....                  (no boots)
Stlth    ++........             d - amulet of regeneration
HPRegen  0.52/turn              g - +4 ring of evasion
MPRegen  0.15/turn              p - ring of see invisible

@: no status effects
A: no striking features
a: no special abilities


You were on level 6 of the Dungeon.
You visited 1 branch of the dungeon, and saw 6 of its levels.

You collected 237 gold pieces.

Inventory:

Hand Weapons
 l - a +1 dagger of pain (weapon)
Armour
 a - a +0 robe
 o - a +2 cloak (worn)
 x - a cursed +0 leather armour (worn)
Jewellery
 d - an amulet of regeneration (around neck)
 g - a +4 ring of evasion (left hand)
 p - a ring of see invisible (right hand)
Wands
 r - a wand of iceblast (10)
 u - a wand of disintegration (15)
Scrolls
 e - 7 scrolls of identify
 i - 4 scrolls of teleportation
 n - a scroll of blinking
 w - a scroll of fog {unknown}
 y - a scroll of remove curse
 A - a scroll of fear {unknown}
Potions
 b - 2 potions of flight
 c - a potion of attraction {unknown}
 f - 2 potions of lignification {unknown}
 h - 3 potions of curing {unknown}
 j - a potion of cancellation {unknown}
 k - 2 potions of haste
 m - 3 potions of heal wounds {unknown}
 q - a potion of might {unknown}
 s - a potion of resistance {unknown}
 t - a potion of invisibility {unknown}
 v - a potion of berserk rage {unknown}
 z - a potion of mutation {unknown}


   Skills:
 + Level 0.7 Short Blades
 - Level 2.4 Dodging
 - Level 2.4 Stealth
 - Level 5.6 Spellcasting
 + Level 9.2 Conjurations
 + Level 0.9 Evocations


You had 14 spell levels left.
You knew the following spells:

 Your Spells              Type           Power        Failure   Level
a - Magic Dart            Conj           ####         1%          1
b - Searing Ray           Conj           ######       1%          2

Your spell library contained the following spells:

 Spells                   Type           Power        Failure   Level
 Dazzling Flash           Conj/Hex       ####..       6%          3
 Fulminant Prism          Conj/Hex       ####......   21%         4
 Iskenderun's Mystic Bla  Conj/Tloc      ####....     21%         4


Dungeon Overview and Level Annotations

Branches:
Dungeon (6/15)
 Temple: D:4-7

Altars:
Elyvilon
Okawaru
Qazlal
Wu Jian
Yredelemnul
The Shining One

Shops:
D:4 *


Message History

You kill the orc!
The orc warrior throws a stone.
The stone hits you but does no damage.
The orc warrior throws a stone.
The stone closely misses you.
You finish channeling your searing ray.
The orc warrior throws a stone.
The stone hits you!
Casting: Searing Ray (safe; 1% risk of failure)
Confirm with . or Enter, or press ? or * to list all spells.
Aiming: Magic Dart (safe; 1% risk of failure)
Press: ? - help, Shift-Dir - straight line, f - orc warrior
Aim: an orc warrior, wielding a +0 dire flail, wearing a +0 plate armour and quivering 20 stones The magic dart hits the orc warrior but does no damage.
The orc warrior throws a stone.
The stone hits you!
Casting: Magic Dart (safe; 1% risk of failure)
Confirm with . or Enter, or press ? or * to list all spells.
Aiming: Magic Dart (safe; 1% risk of failure)
Press: ? - help, Shift-Dir - straight line, f/p - orc warrior
Aim: an orc warrior, wielding a +0 dire flail, wearing a +0 plate armour and quivering 19 stones The magic dart hits the orc warrior but does no damage.
The orc warrior throws a stone.
The stone hits you!
You die...

#..# ...# #o.# #
.).# #. #).#####.
####.####).......
......$.........
..##>...@.$....#
#...............
##.###†(######.
#.#....# #....).#
##<.#..(.#
#.###.#...# ...#
#.###.. .##.. #.#
#


You could see an orc warrior.

Vanquished Creatures
  An ice beast (D:5)
  An ogre (D:4)
  2 scorpions
  A jelly (D:5)
  An orc priest (D:4)
  A centaur skeleton (D:4)
  A hound (D:5)
  2 orc wizards (D:4)
  Jessica (D:2)
  Terence (D:2)
  3 worker ants
  5 adders
  A white imp (D:5)
  An ufetubus (D:5)
  An ooze (D:3)
  4 dart slugs
  6 leopard geckos
  16 orcs
  3 ball pythons
  5 bats
  4 giant cockroaches
  11 goblins
  11 hobgoblins
  4 jackals
  7 kobolds
  4 quokkas
  4 frilled lizards
  7 rats
109 creatures vanquished.

Notes
Turn   | Place    | Note
-------+----------+-------------------------------------------
     0 | D:1      | somkeydreadnuts the Deep Elf Conjurer began the quest for
                  | the Orb.
     0 | D:1      | Reached XP level 1. HP: 10/10 MP: 6/6
   201 | D:1      | Reached XP level 2. HP: 15/15 MP: 7/9
   759 | D:1      | Reached XP level 3. HP: 19/19 MP: 4/11
   761 | D:1      | Reached skill level 5 in Spellcasting
  1251 | D:2      | Noticed Terence
  1575 | D:2      | Killed Terence
  1575 | D:2      | Reached XP level 4. HP: 22/24 MP: 1/13
  1587 | D:2      | Reached skill level 5 in Conjurations
  1885 | D:2      | Noticed Jessica
  1889 | D:2      | Killed Jessica
  2136 | D:2      | Found an ornate altar of the Wu Jian Council.
  2136 | D:2      | Found a stormy altar of Qazlal.
  2137 | D:2      | Found a glowing golden altar of the Shining One.
  2147 | D:2      | Found a white marble altar of Elyvilon.
  2394 | D:3      | Reached XP level 5. HP: 28/28 MP: 12/15
  2495 | D:3      | Found a basalt altar of Yredelemnul.
  2785 | D:3      | Learned a level 2 spell: Searing Ray
  2981 | D:4      | Reached skill level 6 in Conjurations
  3145 | D:4      | Found an iron altar of Okawaru.
  3160 | D:4      | Reached skill level 7 in Conjurations
  3160 | D:4      | Reached XP level 6. HP: 19/32 MP: 4/16
  3341 | D:4      | Found Kowoi's Assorted Antiques.
  3597 | D:4      | Reached skill level 8 in Conjurations
  3933 | D:5      | Entered Level 5 of the Dungeon
  3959 | D:5      | Reached XP level 7. HP: 36/36 MP: 14/17
  4363 | D:5      | Reached skill level 9 in Conjurations
  4617 | D:6      | Hit by a stone thrown by an orc warrior

Illustrated notes

Levels and vault maps discovered:
D:1:      matt_arrival_spirals, layout_basic, grunt_decor_mini_mirrors
D:2:      layout_basic, nicolae_overflow_quartered_altars,
          ebering_dispersal_statue_hall, uniq_jessica, uniq_terence
D:3:      layout_rooms, nicolae_overflow_crystal_walls
D:4:      layout_rooms, okawaru_ov_weapons_minmay, serial_rivers,
          chequers_serial_rivers_micro_c, chequers_serial_rivers_micro_a,
          chequers_serial_rivers_small_b, chequers_serial_rivers_micro_c,
          chequers_serial_rivers_micro_e, serial_shops, nicolae_shop_statue_plus
D:5:      layout_layer_cave
D:6:      layout_rooms, grunt_ministairs_12

Skill      XL: |  1  2  3  4  5  6  7 |
---------------+----------------------+-----
Spellcasting   | 4 5 |  5.6
Conjurations   | 5 7 8 9 |  9.2
Short Blades   | |  0.7
Dodging        | |  2.4
Stealth        | |  2.4
Evocations     | |  0.9

Action                   |  1- 3 |  4- 6 |  7- 9 || total
-------------------------+-------+-------+-------++-------
Melee: Whip              |       |     2 |       ||     2
       Dagger            |       |     2 |       ||     2
 Cast: Magic Dart        |   120 |    95 |    28 ||   243
       Searing Ray       |       |     7 |     4 ||    11
Evoke: Wand              |       |     3 |       ||     3
  Use: Scroll            |     3 |     2 |       ||     5
Armor: Robe              |     3 |     3 |       ||     6
       Leather armour    |       |       |     3 ||     3
Dodge: Dodged            |    46 |     8 |     4 ||    58

Table legend: (Time is in decaauts)
 A = Elapsed time spent in this place.
 B = Non-inter-level travel time spent in this place.
 C = Inter-level travel time spent in this place.
 D = Time resting spent in this place.
 E = Time spent auto-exploring this place.
 F = Levels seen in this place.
 G = Mean time per level.
                   A        B        C        D        E       F      G
               +--------+--------+--------+--------+--------+-----+--------+
         Total |   4618 |   4565 |     53 |      0 |   3323 |   6 |  769.7 |
       Dungeon |   4618 |   4565 |     53 |      0 |   3323 |   6 |  769.7 |
               +--------+--------+--------+--------+--------+-----+--------+

Top non-repeatable levels by time:
     D:1: 1389 daAuts
     D:2: 978 daAuts
     D:4: 955 daAuts
     D:5: 644 daAuts
     D:3: 610 daAuts
     D:6: 38 daAuts
